 Dungeon Crawl Stone Soup version 0.25-a0-194-gece12570e2 (webtiles) character file.

Game seed: 12664351798829939172, levelgen mode: deterministic

716 Crag the Sneak (level 7, -5/46 HPs)
             Began as an Octopode Earth Elementalist on Dec 1, 2019.
             Slain by a gnoll sergeant
             ... wielding a +0 spear
              (12 damage)
             ... on level 5 of the Dungeon.
             The game lasted 00:22:59 (6394 turns).

Crag the Sneak (Octopode Earth Elementalist)        Turns: 6394, Time: 00:23:00

Health: -5/46      AC:  1    Str: 14    XL:     7   Next: 69%
Magic:  12/12      EV: 14    Int: 17    God:
Gold:   219        SH:  0    Dex: 12    Spells: 4/13 levels left

rFire    . . .     SeeInvis .     - Unarmed
rCold    . . .     Gourm    .   (no shield)
rNeg     . . .     Faith    .   (helmet restricted)
rPois    .         Spirit   .   s - amulet of harm (curse)
rElec    .         Reflect  .   (no ring)
rCorr    .         Harm     +   l - ring of wizardry
MR       .....                  o - +4 ring of strength
Stlth    ++++......             (no ring)
HPRegen  0.15/turn              (no ring)
MPRegen  0.13/turn              (no ring)
                                (no ring)
                                (no ring)

@: no status effects
A: almost no armour, stealthy swim, amphibious, 8 rings, constrict 8, camouflage
1, gelatinous body 1
a: no special abilities


You were on level 5 of the Dungeon.
You were not hungry.

You visited 1 branch of the dungeon, and saw 5 of its levels.

You collected 219 gold pieces.

Inventory:

Missiles
 b - 239 stones (quivered)
 h - 4 boomerangs
Jewellery
 i - a +3 amulet of reflection
 l - a ring of wizardry (right tentacle)
 o - a +4 ring of strength (on tentacle)
 s - a cursed amulet of harm (around mantle)
Wands
 m - a wand of paralysis (11)
Scrolls
 a - 6 scrolls of identify
 e - a scroll of teleportation
 g - a scroll of enchant weapon
Potions
 d - a potion of haste
 f - a potion of brilliance {unknown}
 j - a potion of agility {unknown}
 k - a potion of berserk rage {unknown}
 n - a potion of flight {unknown}
 p - a potion of magic
 q - 2 potions of curing {unknown}
Comestibles
 c - 13 rations
 r - a chunk of flesh


   Skills:
 + Level 3.1 Fighting
 + Level 3.9 Dodging
 + Level 5.2 Stealth
 + Level 3.0 Unarmed Combat
 + Level 3.5 Spellcasting
   Level 1.0 Transmutations
 + Level 4.4 Earth Magic


You had 4 spell levels left.
You knew the following spells:

 Your Spells              Type           Power        Failure   Level  Hunger
a - Sandblast             Erth           ###...       1%          1    None
b - Stone Arrow           Conj/Erth      ##....       9%          3    ###....
c - Lee's Rapid Deconstr  Erth           ###.......   28%         5    ######.

Your spell library contained the following spells:

 Spells                   Type           Power        Failure   Level  Hunger
 Passwall                 Tmut/Erth      ##......     3%          2    ##.....
 Flame Tongue             Conj/Fire      #....        7%          1    None
 Throw Flame              Conj/Fire      #.....       11%         2    ##.....
 Conjure Flame            Conj/Fire      #.......     21%         3    ###....
 Inner Flame              Hex/Fire       #.......     21%         3    ###....
 Petrify                  Tmut/Erth      ##......     21%         4    ####...
 Sticky Flame             Conj/Fire      #.......     52%         4    ####...
 Fireball                 Conj/Fire      #.........   86%         5    ######.


Dungeon Overview and Level Annotations

Branches:
Dungeon (5/15)
 Temple: D:4-7

Altars:
Qazlal
Ru
Sif Muna
Wu Jian
Zin

Shops:
D:4 *

Annotations:
D:3 Grinder


Innate Abilities, Weirdness & Mutations

You cannot wear most types of armour.
You are very stealthy in the water. (Stealth+)
You are amphibious.
You can wear up to eight rings at the same time.
You can use your tentacles to constrict eight enemies at once.
Your skin changes colour to match your surroundings (Stealth+).
Your rubbery body absorbs attacks. (AC +1, EV +1)


Message History

The gnoll sergeant completely misses you.
You tentacle-slap the gnoll sergeant but do no damage.
You squeeze the gnoll sergeant.
The gnoll sergeant is lightly wounded.
You constrict the gnoll sergeant. The gnoll sergeant barely misses you.
You completely miss the gnoll sergeant.
The gnoll sergeant is moderately wounded.
You constrict the gnoll sergeant.
The gnoll sergeant hits you with a +0 spear!
* * * LOW HITPOINT WARNING * * *
The gnoll sergeant blocks your attack.
The gnoll sergeant is moderately wounded.
You constrict the gnoll sergeant.
The gnoll sergeant completely misses you.
You tentacle-slap the gnoll sergeant but do no damage.
The gnoll sergeant blocks your attack.
The gnoll sergeant is heavily wounded.
You constrict the gnoll sergeant.
The gnoll sergeant hits you with a +0 spear!
You die...

#### ###########..#
##..### ####..).#
#.....######......##
.................##
................##
.....###.......##
......######....#
......## ###.g##
.......# ###@##
....g..## ##.##
........# ##.##
####....# ##.#### ##
...#....####
#....### ##.
.[)#.......#
##.....######..
.[.#.......##
##......##...#
##'##.......#
#..........##
#.).#......##
#..........#


You could see a gnoll sergeant.

Vanquished Creatures
  2 ogres (D:4)
  A scorpion (D:5)
  A crimson imp (D:5)
  A hound (D:5)
  Jessica (D:3)
  An orc wizard (D:5)
  Natasha (D:4)
  5 worker ants
  Robin (D:4)
  3 adders
  6 gnolls
  2 oozes
  An adder skeleton (D:5)
  A dart slug (D:1)
  2 leopard geckos
  11 orcs
  A ball python (D:2)
  10 bats
  3 giant cockroaches
  18 hobgoblins
  11 jackals
  10 kobolds
  5 quokkas
  2 frilled lizards (D:1)
  19 goblins
  A jackal zombie (D:5)
  4 rats
124 creatures vanquished.

Notes
Turn   | Place    | Note
-------+----------+-------------------------------------------
     0 | D:1      | Crag the Octopode Earth Elementalist began the quest for
                  | the Orb.
     0 | D:1      | Reached XP level 1. HP: 11/11 MP: 3/3
   343 | D:1      | Reached XP level 2. HP: 18/18 MP: 5/5
   573 | D:1      | Reached skill level 3 in Stealth
   655 | D:1      | Reached skill level 1 in Fighting
   655 | D:1      | Reached XP level 3. HP: 20/23 MP: 6/6
  1033 | D:1      | Reached skill level 1 in Unarmed Combat
  2160 | D:2      | Reached XP level 4. HP: 28/28 MP: 7/7
  2395 | D:2      | Found an ornate altar of the Wu Jian Council.
  3172 | D:3      | Found a stormy altar of Qazlal.
  3440 | D:3      | Learned a level 3 spell: Stone Arrow
  3533 | D:3      | Noticed Jessica
  3541 | D:3      | Killed Jessica
  3541 | D:3      | Reached XP level 5. HP: 29/33 MP: 1/8
  3548 | D:3      | Noticed Grinder
  3878 | D:4      | Noticed an ogre
  3897 | D:4      | Killed an ogre
  3897 | D:4      | Reached skill level 4 in Stealth
  3897 | D:4      | Reached XP level 6. HP: 18/39 MP: 1/10
  4105 | D:4      | Noticed Natasha
  4113 | D:4      | Killed Natasha
  4163 | D:4      | Noticed Robin
  4182 | D:4      | Killed Robin
  4547 | D:4      | Reached XP level 7. HP: 45/45 MP: 5/11
  4800 | D:4      | Found Washral's Assorted Antiques.
  5007 | D:5      | Entered Level 5 of the Dungeon
  5217 | D:5      | Learned a level 5 spell: Lee's Rapid Deconstruction
  5300 | D:5      | Reached skill level 5 in Stealth
  5986 | D:5      | Found a sacrificial altar of Ru.
  6010 | D:5      | Found a shimmering blue altar of Sif Muna.
  6019 | D:5      | Found a glowing silver altar of Zin.
  6394 | D:5      | Slain by a gnoll sergeant

Levels and vault maps discovered:
D:1:      minmay_arrival_hallway, layout_rooms
D:2:      lemuel_upstairs_altar, layout_loops_cross, lemuel_round_altar,
          kennysheep_generic_room_7
D:3:      layout_basic, grunt_qazlal_clouds, uniq_grinder, uniq_jessica
D:4:      layout_rooms, first_ration, serial_shops,
          nicolae_shop_window_shopping, uniq_natasha, uniq_robin
D:5:      corexii_shantytown, layout_layer_cave, minitemple,
          corexii_item_surrounded_by_moat, lightli_minifort

Skill      XL: |  1  2  3  4  5  6  7 |
---------------+----------------------+-----
Stealth        | 3 4 5 |  5.2
Fighting       | 1 2 3 |  3.1
Unarmed Combat | 1 2 3 |  3.0
Dodging        | 3 |  3.9
Spellcasting   | 3 |  3.5
Earth Magic    | 4 |  4.4
Transmutations | |  1.0

Action                   |  1- 3 |  4- 6 |  7- 9 || total
-------------------------+-------+-------+-------++-------
Melee: Unarmed           |   135 |   138 |    90 ||   363
       Tentacles         |    19 |    20 |    20 ||    59
       Constrict         |    31 |    31 |    27 ||    89
       Punch             |       |     1 |     2 ||     3
Throw: Stone             |     1 |       |       ||     1
 Cast: Sandblast         |     4 |    17 |     9 ||    30
       Stone Arrow       |       |     7 |       ||     7
  Use: Scroll            |     2 |       |     2 ||     4
       Potion            |     1 |     4 |     1 ||     6
 Stab: Sleeping          |     7 |     4 |     7 ||    18
       Distracted        |       |     1 |       ||     1
  Eat: Chunk             |     3 |    10 |     5 ||    18
Armor: Skin              |    12 |     7 |     4 ||    23
Dodge: Dodged            |    85 |    70 |    54 ||   209
Block: Other             |       |     7 |     5 ||    12
       Reflection        |       |     1 |       ||     1

Table legend:
 A = Non-vault XP
 B = Vault XP
 C = Vault XP percentage of total XP
 D = Non-vault monster count
 E = Vault monster count
 F = Vault count percentage of total count
                 A         B        C        D         E       F
            +---------+---------+-------+---------+---------+-------
      Total |     860 |     164 |  16.0 |      94 |      30 |  24.2
            +---------+---------+-------+---------+---------+-------
        D:1 |      56 |       0 |   0.0 |      27 |       0 |   0.0
        D:2 |      49 |       2 |   3.9 |      14 |       2 |  12.5
        D:3 |      38 |      37 |  49.3 |      16 |       1 |   5.9
        D:4 |     436 |      70 |  13.8 |      24 |      12 |  33.3
        D:5 |     281 |      55 |  16.4 |      13 |      15 |  53.6
            +---------+---------+-------+---------+---------+-------
